 Dungeon Crawl Stone Soup version 0.19.1 (webtiles) character file.

466068 JeffiDaFish the Warrior (level 24, -1/164 HPs)
             Began as a Gargoyle Fighter on Dec 8, 2016.
             Was the Champion of Makhleb.
             Killed from afar by a Hell Sentinel (49 damage)
             ... with damnation
             ... summoned by a deep elf demonologist
             ... on level 3 of the Elven Halls on Dec 10, 2016.
             The game lasted 02:57:51 (44163 turns).

JeffiDaFish the Warrior (Gargoyle Fighter)         Turns: 44163, Time: 02:57:52

Health: -1/164     AC: 65    Str: 34 (35) XL:     24   Next: 26%
Magic:  36/36      EV:  8    Int: 11 (13) God:    Makhleb [******]
Gold:   1874       SH: 25    Dex: 11 (12) Spells: 1 memorised, 37 levels left

rFire  + + .     SeeInvis +     d - +9 demon whip (protect)
rCold  + . .     Gourm    .     x - +9 armour of the Dragon King {rPois rF+ rC+ MR+}
rNeg   + + +     Faith    .     E - +0 large shield
rPois  ∞         Spirit   .     U - +0 hat of Claustrophobia {Str+3 Stlth+}
rElec  +         Reflect  .     m - +1 cloak {MR+}
rCorr  .         Harm     .     W - +2 pair of gloves {Str+3}
MR     ++++.                    A - +2 pair of boots {run}
Stlth  ..........               C - amulet of the Assorted Songs {*Corrode +Blink rN++ MR+ Regen+ Stlth+}
                                D - +4 ring of strength
                                M - ring of Darkness {+Blink rF+ Str+2 Int+2 SInv}

@: protection aura, flying, quick
A: big wings, clumsy 1, deterioration 1, negative energy resistance 1,
electricity resistance, weak 1, unbreathing, petrification resistance, rot
immunity, subdued magic 1, AC +17
a: Stop Flying, Minor Destruction, Lesser Servant of Makhleb, Major Destruction,
Greater Servant of Makhleb, Renounce Religion, Evoke Blink
}: 3/15 runes: barnacled, silver, gossamer


You were on level 3 of the Elven Halls.
You worshipped Makhleb.
Makhleb was exalted by your worship.
You were not hungry.

You visited 8 branches of the dungeon, and saw 40 of its levels.
You also visited: Bailey, Volcano and Wizlab.

You collected 6097 gold pieces.
You spent 4223 gold pieces at shops.

Inventory:

Hand Weapons
 d - a +9 demon whip of protection (weapon)
 J - the +14 plutonium sword {*Contam Stlth-}
   (You bought it in a shop on level 3 of the Shoals)

   It causes magical contamination when unequipped.
   It makes you less stealthy.
Armour
 m - a +1 cloak of magic resistance (worn)
 x - the +9 armour of the Dragon King (worn) {rPois rF+ rC+ MR+}
   (You found it on level 2 of the Vaults)

   It protects you from fire.
   It protects you from cold.
   It protects you from poison.
   It affects your resistance to hostile enchantments.
 A - a +2 pair of boots of running (worn)
 E - a +0 large shield (worn)
 U - the +0 hat of Claustrophobia (worn) {Str+3 Stlth+}
   (You acquired it on level 1 of the Vaults)

   It affects your strength (+3).
   It makes you more stealthy.
 W - a +2 pair of gloves of strength (worn)
Jewellery
 C - the amulet of the Assorted Songs (around neck) {*Corrode +Blink rN++ MR+ Regen+ Stlth+}
   (You found it on level 13 of the Dungeon)

   [amulet of regeneration]

   It greatly protects you from negative energy.
   It affects your resistance to hostile enchantments.
   It lets you blink.
   It increases your rate of regeneration.
   It may corrode you when you take damage.
   It makes you more stealthy.
 D - a +4 ring of strength (right hand)
 M - the ring of Darkness (left hand) {+Blink rF+ Str+2 Int+2 SInv}
   (You found it on level 10 of the Dungeon)

   [ring of see invisible]

   It affects your strength (+2).
   It affects your intelligence (+2).
   It protects you from fire.
   It lets you see invisible.
   It lets you blink.
 N - an uncursed ring of resist corrosion
Wands
 z - a wand of teleportation (2/9)
Scrolls
 c - 6 scrolls of recharging
 e - 5 scrolls of identify
 g - 3 scrolls of holy word
 o - 2 scrolls of fog
 q - a scroll of blinking
 t - 8 scrolls of teleportation
 v - 5 scrolls of magic mapping
 y - 10 scrolls of remove curse
 H - a scroll of amnesia
 K - 2 scrolls of fear
 L - a scroll of enchant weapon
Potions
 a - 19 potions of curing
 j - 4 potions of resistance
 l - 6 potions of agility
 n - a potion of berserk rage
 p - a potion of brilliance
 r - 3 potions of cure mutation
 w - 3 potions of magic
 G - 2 potions of haste
 P - a potion of cancellation
Books
 F - a Young Poisoner's Handbook

   Spells                             Type                      Level
   a - Sting                          Conjuration/Poison           1
   b - Mephitic Cloud                 Conjuration/Poison/Air       3
   c - Olgreb's Toxic Radiance        Poison                       4
   d - Alistair's Intoxication        Transmutation/Poison         5
   e - Venom Bolt                     Conjuration/Poison           5
 I - a book of Fire

   Spells                             Type                      Level
   a - Ignite Poison                  Fire/Transmutation/Poison    3
   b - Fireball                       Conjuration/Fire             5
   c - Bolt of Fire                   Conjuration/Fire             6
   d - Delayed Fireball               Conjuration/Fire             7
   e - Ring of Flames                 Charms/Fire                  7
 T - the Grimoire of Conjuration and Evil
   (You found it on level 4 of the Shoals)

   Spells                             Type                      Level
   a - Sting                          Conjuration/Poison           1
   b - Flame Tongue                   Conjuration/Fire             1
   c - Animate Skeleton               Necromancy                   1
   d - Irradiate                      Conjuration/Transmutation    5
   e - Simulacrum                     Ice/Necromancy               6
   f - Death Channel                  Necromancy                   6
Comestibles
 b - 29 beef jerkies
 f - 28 bread rations
 h - 18 meat rations
 i - 43 fruits
 k - 5 slices of pizza
 s - a chunk of flesh
 u - 15 royal jellies


   Skills:
 * Level 20.5 Fighting
 * Level 14.5 Long Blades
 + Level 18.5 Maces & Flails
   Level 1.8(12.6) Staves
 * Level 17.6 Armour
 - Level 4.7 Dodging
 - Level 2.2 Stealth
 + Level 20.5 Shields
 + Level 9.6 Spellcasting
 + Level 11.4 Conjurations
 + Level 10.1 Poison Magic
 - Level 3.0 Evocations


You had 37 spell levels left.
You knew the following spells:

 Your Spells              Type           Power        Failure   Level  Hunger
a - Venom Bolt            Conj/Pois      ###.......   77%         5    #####..


Dungeon Overview and Level Annotations

Branches:
Dungeon (15/15)            Temple (1/1) D:5            Lair (6/6) D:9
 Shoals (4/4) Lair:2       Spider (4/4) Lair:2        Slime (0/5) Lair:6
    Orc (2/2) D:12            Elf (3/3) Orc:2        Vaults (5/5) D:14
  Crypt (0/3) Vaults:2     Depths (0/5) D:15

Altars:
Elyvilon
Fedhas
Hepliaklqana
Makhleb
Nemelex Xobeh
Okawaru
Qazlal
Sif Muna
Trog
Uskayaw
The Shining One
Beogh

Shops:
D:4 *   D:12 (   D:15 ?*   Orc:1 %   Orc:2 *:![?   Shoals:3 (   Vaults:2 [
Vaults:5 ?=

Portals:
Pandemonium: Orc:2


Innate Abilities, Weirdness & Mutations

You are resistant to torment.
Your stone body is resilient. (AC +17)
You are immune to poison.
Your large and strong wings let you fly indefinitely.
You resist negative energy. (rN+)
You are resistant to electric shocks. (rElec)
You can survive without breathing.
You are immune to petrification.
You are immune to rotting.
You are clumsy. (Dex -2)
Your body sometimes deteriorates upon taking damage.
You are weak. (Str -2)
Your spells are a little easier to cast, but a little less powerful.


Message History

The smoke demon gestures at you. Something smites you!
* * * LOW HITPOINT WARNING * * *
The Hell Sentinel gestures at you. The iron shot hits you!
You are too injured to fight recklessly!
You are too injured to fight recklessly!
You punish the Hell Sentinel, causing immense pain!!!
The Hell Sentinel is almost dead.
You hear a shout!
The deep elf demonologist gestures wildly while chanting.
The deep elf demonologist mumbles some strange words.
The deep elf annihilator gestures wildly while chanting.
The deep elf annihilator blinks!
You hit the Hell Sentinel but do no damage.
The Hell Sentinel is almost dead.
The deep elf elementalist casts a spell.
The deep elf mage casts a spell.
The Hell Sentinel gestures at you.
The sphere of damnation explodes!
The damnation engulfs you!
You die...

....(........)................#
...........................<..#
..............................#
...###########..(..############
...# #.#)#.# .).# #.#(# ...#
#.#)# ...# ..#)# ...# ####@#
...# #1# ...# #...Eeee33e3.#
...# #...2s3sees555# ...#
.#..153Ess4..#5 ...#
..#.543e14r*#.. ...#
......3EeE.§... ...#
.....e.eee..... ...#
....§§...§.....


You could see a Hell Sentinel, a Brimstone Fiend, an Ice Fiend, a deep elf
annihilator, a deep elf death mage, a deep elf elementalist, 2 demonic crawlers,
3 deep elf demonologists, an orange demon, a deep elf knight, a deep elf high
priest, a rust devil, 3 deep elf magi, a sixfirhy, 2 smoke demons, 3 fire
elementals, a neqoxec, a chaos spawn, a tarantella, a redback, a hell rat, a
battlesphere and 2 shadow imps.

Vanquished Creatures
  An ancient lich (Vaults:4)
  2 golden dragons (Vaults:5)
  Nikola (Spider:1)
  A Hellbinder (WizLab)
  A deep elf master archer (Elf:3)
  2 tentacled monstrosities (Vaults:5)
  2 deep elf blademasters (Elf:3)
  5 titans
  3 quicksilver dragons
  3 sphinxes
  Polyphemus (Shoals:3)
  An azure jelly (Vaults:2)
  4 tengu reavers
  Gastronok (Lair:3)
  6 storm dragons
  2 shadow dragons
  Ilsuiw (Shoals:4)
  Donald (Vaults:3)
  A fire giant (Vaults:5)
  2 frost giants
  An orc warlord (Vaults:4)
  3 ghost moths (Spider:4)
  4 deep elf sorcerers
  3 cacodemons (WizLab)
  5 emperor scorpions
  An iron dragon (Vaults:5)
  11 vault wardens
  3 deep elf elementalists
  18 ironheart preservers
  A balrug (WizLab)
  2 war gargoyles (Vaults:5)
  12 very ugly things
  10 stone giants
  2 reapers (WizLab)
  6 entropy weavers
  A vampire knight (Vaults:2)
  3 deep elf demonologists
  8 deep elf annihilators
  A dire elephant (D:15)
  2 spark wasps
  5 merfolk javelineers (Shoals:4)
  The ghost of miniman03 the Prestidigitator, a journeyman DDFi of Hepliaklqana (Orc:2)
  Snorg (Orc:2)
  An eidolon (Vaults:2)
  8 deep elf death magi
  A fire dragon (shapeshifter) (Vaults:4)
  Josephine (D:10)
  10 ettins
  A jiangshi (Vaults:2)
  7 fire dragons
  4 deep elf high priests
  5 merfolk impalers
  28 vault guards
  8 yaktaur captains
  3 great orbs of eyes
  2 hell beasts (WizLab)
  2 rakshasas (Vaults:3)
  10 hydras
  2 merfolk avatars
  An ice dragon (Vaults:2)
  3 alligator snapping turtles
  3 deep troll shamans (Vaults:3)
  6 merfolk aquamancers
  23 dancing weapons
  An alligator (Vaults:2)
  A catoblepas (Shoals:3)
  10 centaur warriors
  2 death knights (Vaults:4)
  A hell hog (Vaults:2)
  12 ogre magi
  6 death yaks
  2 satyrs
  2 deep troll earth magi
  9 orc high priests
  A small abomination (Elf:3)
  2 soul eaters (WizLab)
  A large abomination (Vaults:4)
  Nergalle (Lair:3)
  The ghost of miniman03 the Skirmisher, a novice MiGl of Hepliaklqana (D:8)
  2 sun demons (Orc:2)
  28 deep elf knights
  2 shadow wraiths (Vaults:4)
  12 sea snakes
  A flayed ghost (Vaults:4)
  A glowing orange brain (Vaults:4)
  3 unseen horrors
  7 hill giants
  15 deep elf archers
  18 deep trolls
  A swamp dragon (shapeshifter) (Vaults:4)
  An infernal demonspawn (Orc:2)
  A tengu zombie (Vaults:4)
  8 ironbrand convokers
  8 wizards
  2 wolf spider zombies
  A harpy (shapeshifter) (Vaults:2)
  5 necromancers
  3 phantasmal warriors
  A tengu skeleton (Vaults:4)
  33 harpies
  3 fire giant zombies
  A shadow dragon zombie (Vaults:4)
  2 oklob plants
  22 orc knights
  23 orb spiders
  63 deep elf magi
  36 wolf spiders
  7 cyclopes
  A stone giant zombie (Vaults:1)
  5 orc sorcerers
  15 ugly things
  14 manticores
  21 fauns
  3 rust devils (WizLab)
  11 black mambas
  2 water nymphs (shapeshifter)
  A guardian serpent (Lair:6)
  17 vault sentinels
  7 elephants
  2 centaur zombies
  8 sirens
  A frost giant skeleton (Vaults:1)
  An ice statue (D:10)
  5 toenail golems (Volcano)
  An orange demon (WizLab)
  20 spiny frogs
  A gargoyle (D:14)
  3 water nymphs
  The ghost of Lilleppy the Spear-Bearer, a novice MfGl of Gozag (D:4)
  2 human zombies
  37 yaktaurs
  3 rime drakes
  An efreet (D:10)
  10 freezing wraiths
  8 komodo dragons
  7 demonic crawlers
  2 yaktaur zombies (Vaults:1)
  A yaktaur skeleton (Vaults:4)
  A tengu conjurer (D:15)
  An ice devil (WizLab)
  3 kobold demonologists
  4 red devils
  32 jumping spiders
  2 queen bees
  8 polar bears (Lair:6)
  6 trolls
  A tengu simulacrum (Vaults:2)
  5 wind drakes
  A queen bee (shapeshifter) (Vaults:4)
  22 two-headed ogres
  A raiju (shapeshifter) (Vaults:1)
  31 merfolk
  The ghost of Lilleppy the Spear-Bearer, an amateur MfGl (D:3)
  16 hornets
  Grinder (D:5)
  4 raiju (Lair:6)
  28 slime creatures
  An ettin zombie (Vaults:2)
  21 blink frogs
  A dream sheep (Lair:5)
  8 hippogriffs
  14 snapping turtles
  A centaur simulacrum (D:15)
  A hippogriff (shapeshifter) (Vaults:4)
  2 air elementals (Elf:2)
  A redback (shapeshifter) (D:15)
  75 redbacks
  8 wraiths
  6 fire elementals
  4 shadows
  26 tarantellas
  7 wyverns
  A wyvern (shapeshifter) (Vaults:4)
  Sigmund (D:4)
  A ynoxinul (WizLab)
  6 basilisks
  2 basilisks (shapeshifter)
  33 yaks
  16 water elementals
  A golden eye (shapeshifter) (Vaults:5)
  2 chaos spawn (Orc:2)
  Menkaure (D:7)
  2 hungry ghosts
  9 wargs
  A mottled dragon (Vaults:1)
  24 water moccasins
  6 soldier ants
  Duvessa (D:7)
  A hell hound (shapeshifter) (Vaults:5)
  4 hell hounds (Lair:6)
  44 orc warriors
  13 porcupines
  A hornet zombie (D:10)
  2 phantoms
  5 sky beasts
  16 black bears
  2 necrophages
  2 ice beasts
  48 ogres
  16 wolves
  A boggart (Vaults:1)
  3 eyes of draining
  20 centaurs
  9 crocodiles
  2 big kobolds (D:13)
  Blork the orc (D:4)
  2 orc skeletons
  2 earth elementals
  23 bullfrogs
  8 gnoll sergeants (Bailey)
  An ogre simulacrum (Vaults:1)
  A water moccasin zombie (D:9)
  A human skeleton (Vaults:1)
  A scorpion (D:8)
  Dowan (D:7)
  An orc simulacrum (Vaults:1)
  50 killer bees
  2 electric eels (Lair:1)
  10 crimson imps
  3 howler monkeys
  2 bullfrog zombies
  23 hounds
  2 quasits
  2 human simulacra
  4 centaur skeletons
  9 jellies
  7 gnoll shamans
  36 orc priests
  Crazy Yiuf (D:6)
  2 bullfrog skeletons
  19 orc wizards
  9 iguanas
  3 yak simulacra (Lair:4)
  15 worker ants
  3 polar bear simulacra (Lair:4)
  A wolf simulacrum (Lair:4)
  A worker ant zombie (D:9)
  21 gnolls
  19 adders
  A river rat (Lair:6)
  4 shadow imps
  18 oozes
  2 adder zombies
  2 adder skeletons
  7 worms
  2 dart slugs (D:4)
  4 leopard geckos
  95 orcs
  8 bats
  3 giant cockroaches
  6 goblins
  16 hobgoblins
  17 jackals
  A quokka (D:3)
  2 ball pythons (D:4)
  3 frilled lizards
  A jackal skeleton (D:5)
  13 kobolds
  A leopard gecko zombie (D:5)
  7 rats
  4 river rat simulacra (Lair:4)
  3 crawling corpses (Elf:3)
  2 fungi (Lair:2)
  10 plants
2005 creatures vanquished.

Vanquished Creatures (others)
  A deep elf knight (Elf:1)
  An orb spider (Spider:2)
  2 redbacks (Spider:4)
  A water elemental (Elf:3)
  An ogre (Vaults:3)
  A kobold (D:13)
  7 fungi
  50 plants
64 creatures vanquished.

Grand Total: 2069 creatures vanquished

Notes
Turn   | Place    | Note
-------+----------+-------------------------------------------
     0 | D:1      | JeffiDaFish the Gargoyle Fighter began the quest for the Orb.
     0 | D:1      | Reached XP level 1. HP: 14/14 MP: 1/1
   181 | D:1      | Reached XP level 2. HP: 18/19 MP: 2/2
   358 | D:1      | Gained mutation: You are partially covered in rugged brown scales. (AC +1, +3% HP) [potion of mutation]
   358 | D:1      | Gained mutation: Your skin changes colour to match your surroundings (Stealth+). [potion of mutation]
   625 | D:2      | Reached XP level 3. HP: 24/24 MP: 3/3
   661 | D:2      | Reached XP level 4. HP: 8/29 MP: 4/4
  1496 | D:3      | Noticed Lilleppy's ghost (amateur MfGl)
  1689 | D:2      | Reached skill level 1 in Dodging
  1725 | D:3      | Killed Lilleppy's ghost
  1725 | D:3      | Reached XP level 5. HP: 7/33 MP: 5/5
  1725 | D:3      | Reached XP level 6. HP: 8/39 MP: 6/6
  2061 | D:3      | Lost mutation: Your skin changes colour to match your surroundings (Stealth+). [potion of cure mutation]
  2061 | D:3      | Lost mutation: You are partially covered in rugged brown scales. (AC +1, +3% HP) [potion of cure mutation]
  2452 | D:4      | Found Piobufoo's Elemental Accessories.
  2677 | D:4      | Noticed Sigmund
  2703 | D:4      | Killed Sigmund
  2703 | D:4      | Reached skill level 5 in Maces & Flails
  2703 | D:4      | Reached skill level 5 in Shields
  2703 | D:4      | Reached XP level 7. HP: 22/44 MP: 7/7
  2857 | D:4      | Noticed Blork the orc
  2900 | D:4      | Killed Blork the orc
  3224 | D:4      | Noticed Lilleppy's ghost (novice MfGl)
  3249 | D:4      | Killed Lilleppy's ghost
  3249 | D:4      | Reached skill level 5 in Armour
  3249 | D:4      | Reached skill level 1 in Stealth
  3249 | D:4      | Reached XP level 8. HP: 28/48 MP: 8/8
  3702 | D:5      | Entered Level 5 of the Dungeon
  3702 | D:5      | Noticed Grinder
  3889 | D:5      | Killed Grinder
  3889 | D:5      | Reached skill level 5 in Fighting
  4225 | D:5      | Found a runed door.
  4233 | D:5      | Found a staircase to the Ecumenical Temple.
  4240 | Temple   | Entered the Ecumenical Temple
  4245 | Temple   | Became a worshipper of Makhleb the Destroyer
  4426 | D:5      | Found a runed gate.
  4451 | D:5      | Found a runed gate.
  4451 | D:5      | Found a runed gate.
  4456 | D:5      | Found a runed door.
  4471 | D:5      | Reached XP level 9. HP: 32/54 MP: 9/9
  4904 | D:5      | Reached * piety under Makhleb
  5643 | D:6      | Reached skill level 1 in Staves
  5731 | D:6      | Reached XP level 10. HP: 60/60 MP: 10/10
  5986 | D:6      | Found a runed door.
  5990 | D:6      | Noticed Crazy Yiuf
  5992 | D:6      | Paralysed by Crazy Yiuf for 6 turns
  5999 | D:6      | Killed Crazy Yiuf
  6020 | D:6      | Got an ivory mace
  6021 | D:6      | Identified the +7 mace of Inference {crush, rC+ Str+4 Stlth-} (You found it on level 6 of the Dungeon)
  6394 | D:7      | Noticed Menkaure
  6410 | D:7      | Killed Menkaure
  6562 | D:7      | Noticed Dowan
  6567 | D:7      | Killed Dowan
  6580 | D:7      | Noticed Duvessa
  6590 | D:7      | Killed Duvessa
  6803 | D:8      | Noticed miniman03's ghost (novice MiGl)
  6832 | D:8      | Killed miniman03's ghost
  6904 | D:8      | Reached ** piety under Makhleb
  6917 | D:8      | Reached skill level 10 in Maces & Flails
  7386 | D:8      | Reached XP level 11. HP: 67/67 MP: 11/11
  7801 | D:9      | Identified the +7 morningstar of Vupoobb {crush, Int+5} (You found it on level 9 of the Dungeon)
  7853 | D:9      | Reached *** piety under Makhleb
  8341 | D:9      | Found an iron altar of Okawaru.
  8445 | D:9      | Found a staircase to the Lair.
  8488 | Lair:1   | Entered Level 1 of the Lair of Beasts
  8531 | Lair:1   | Reached skill level 10 in Shields
  8823 | Lair:1   | Reached **** piety under Makhleb
  9329 | Lair:2   | Found a hole to the Spider Nest.
  9342 | Lair:2   | Noticed a four-headed hydra
  9349 | Lair:2   | Killed a four-headed hydra
  9371 | Lair:2   | Reached XP level 12. HP: 38/75 MP: 12/12
  9513 | Lair:2   | Found a staircase to the Shoals.
  9998 | Lair:2   | Found a blossoming altar of Fedhas.
 10160 | Lair:3   | Noticed Gastronok
 10171 | Lair:3   | Killed Gastronok
 10434 | Lair:3   | Noticed Nergalle
 10447 | Lair:3   | Killed Nergalle
 10458 | Lair:3   | Reached ***** piety under Makhleb
 10660 | Lair:3   | Found a dark tunnel.
 10665 | Volcano  | Entered a volcano
 10769 | Volcano  | Reached XP level 13. HP: 81/81 MP: 13/13
 10969 | Lair:3   | Reached skill level 10 in Fighting
 10969 | Lair:3   | Reached skill level 10 in Armour
 12820 | Lair:5   | Gained mutation: Your large and strong wings let you fly indefinitely. [Gargoyle growth]
 12820 | Lair:5   | Reached XP level 14. HP: 88/88 MP: 14/14
 12940 | Lair:5   | Found a labyrinth entrance.
 13085 | Lair:6   | Entered Level 6 of the Lair of Beasts
 13215 | Lair:6   | Reached ****** piety under Makhleb
 13341 | Lair:6   | Found a staircase to the Slime Pits.
 14111 | Lair:6   | Identified a +2 pair of boots of running (You found it on level 6 of the Lair of Beasts)
 14326 | Lair:6   | Reached skill level 15 in Shields
 14373 | Lair:6   | Reached skill level 15 in Maces & Flails
 14713 | Lair:6   | Reached XP level 15. HP: 96/96 MP: 15/15
 15018 | D:10     | Entered Level 10 of the Dungeon
 15319 | D:10     | Noticed Josephine
 15337 | D:10     | Killed Josephine
 15675 | D:10     | Found a runed door.
 15730 | D:10     | Noticed a frost giant
 15742 | D:10     | Killed a frost giant
 15974 | D:10     | Got a glittering jade ring
 15976 | D:10     | Identified the ring of Darkness {+Blink rF+ Str+2 Int+2 SInv} (You found it on level 10 of the Dungeon)
 16906 | D:12     | Found Nounesk's Weapon Shop.
 16936 | D:12     | Learned a level 5 spell: Venom Bolt
 17659 | D:12     | Found a staircase to the Orcish Mines.
 17826 | D:13     | Got a serpentine tin amulet
 17838 | D:13     | Identified the amulet of the Assorted Songs {*Corrode +Blink rN++ MR+ Regen+ Stlth+} (You found it on level 13 of the Dungeon)
 18099 | D:13     | Reached skill level 1 in Conjurations
 18239 | D:13     | Reached skill level 1 in Evocations
 18367 | D:13     | Reached skill level 1 in Poison Magic
 18518 | D:14     | Found a gate to the Vaults.
 18522 | D:14     | Reached skill level 1 in Spellcasting
 19373 | D:15     | Entered Level 15 of the Dungeon
 19432 | D:15     | Found Natygema's Magic Scroll Emporium.
 19490 | D:15     | Found Ylal's General Store.
 19754 | D:15     | Found a staircase to the Depths.
 19760 | D:15     | Reached XP level 16. HP: 105/105 MP: 18/18
 19993 | Orc:1    | Entered Level 1 of the Orcish Mines
 20092 | Orc:1    | Found a flagged portal.
 20121 | Bailey   | Entered a bailey
 20659 | Orc:1    | Found a roughly hewn altar of Beogh.
 20805 | Orc:1    | Found Gaurch's Food Shop.
 20897 | Orc:2    | Entered Level 2 of the Orcish Mines
 20970 | Orc:2    | Noticed miniman03's ghost (journeyman DDFi)
 20987 | Orc:2    | Killed miniman03's ghost
 21172 | Orc:2    | Found a staircase to the Elven Halls.
 21174 | Orc:2    | Found Laatih's General Store.
 21177 | Orc:2    | Noticed Snorg
 21190 | Orc:2    | Killed Snorg
 21214 | Orc:2    | Bought a scroll of enchant armour for 90 gold pieces
 21404 | Orc:2    | Found Ossueg's Distillery.
 21405 | Orc:2    | Found Sapyatt's Magic Scroll Shoppe.
 21515 | Orc:2    | Bought a scroll of brand weapon for 320 gold pieces
 21515 | Orc:2    | Bought a scroll of enchant weapon for 120 gold pieces
 21591 | Orc:2    | HP: 5/106 [orc knight/great mace (29)]
 21939 | Orc:2    | Gained mutation: You are frail. (-10% HP) [a neqoxec]
 21944 | Orc:2    | Found Zeqaer's Antique Armour Shop.
 21944 | Orc:2    | Found Mukes's Book Boutique.
 21962 | Orc:2    | Found a one-way gate leading to the halls of Pandemonium.
 21995 | Orc:2    | Bought a spiked plate armour for 728 gold pieces
 21995 | Orc:2    | Identified the +1 plate armour "Wuce Rie" {Str+4 Int+4 Dex-5} (You bought it in a shop on level 2 of the Orcish Mines)
 22286 | Spider:1 | Entered Level 1 of the Spider Nest
 22730 | Spider:1 | Noticed Nikola
 22750 | Spider:1 | Killed Nikola
 23121 | Spider:2 | Identified a scroll of acquirement
 23597 | Spider:2 | Reached XP level 17. HP: 100/100 MP: 22/22
 23662 | Spider:2 | Reached skill level 15 in Fighting
 24424 | Spider:3 | Reached skill level 5 in Conjurations
 24603 | Spider:3 | Reached skill level 5 in Poison Magic
 24637 | Spider:4 | Entered Level 4 of the Spider Nest
 25513 | Spider:4 | Reached skill level 5 in Spellcasting
 25549 | Spider:4 | Reached XP level 18. HP: 94/109 MP: 1/25
 25637 | Spider:4 | Got a gossamer rune of Zot
 25802 | Shoals:1 | Entered Level 1 of the Shoals
 27445 | Shoals:3 | Found Atulaof's Antique Weapon Shop.
 27446 | Shoals:3 | Noticed Polyphemus
 27477 | Shoals:3 | Killed Polyphemus
 27546 | Shoals:3 | Bought the +14 plutonium sword {*Contam Stlth-} for 2560 gold pieces
 27692 | Shoals:3 | Reached skill level 1 in Long Blades
 28310 | Shoals:4 | Entered Level 4 of the Shoals
 28319 | Shoals:4 | Noticed Ilsuiw
 28532 | Shoals:4 | Killed Ilsuiw
 28532 | Shoals:4 | Reached skill level 5 in Long Blades
 28695 | Shoals:4 | Reached XP level 19. HP: 115/115 MP: 27/27
 30285 | Shoals:4 | Got a barnacled rune of Zot
 30547 | Shoals:4 | Identified the Papyrus of Supportive Boosts
 30615 | Shoals:4 | Identified the Grimoire of Conjuration and Evil
 31176 | Vaults:1 | Entered Level 1 of the Vaults
 31506 | Vaults:1 | Reached skill level 10 in Long Blades
 31609 | Vaults:1 | Got a polished hat
 31620 | Vaults:1 | Identified the +0 hat of Claustrophobia {Str+3 Stlth+} (You acquired it on level 1 of the Vaults)
 32652 | Vaults:2 | Reached XP level 20. HP: 95/121 MP: 29/29
 32814 | Vaults:2 | Found a staircase to the Crypt.
 32857 | Vaults:2 | Found Wauw's Armour Shoppe.
 32911 | Vaults:2 | Found a magical portal.
 32915 | WizLab   | Entered The Hall of the Hellbinder
 32946 | WizLab   | Gained mutation: You expend magic power (3 MP) to strengthen your wands. [mutagenic glow]
 33113 | WizLab   | Gained mutation: Your magical capacity is low. (-10% MP) [a cacodemon]
 33263 | WizLab   | Noticed Tekkuets
 33265 | WizLab   | Found a burning altar of Makhleb.
 33285 | WizLab   | Killed Tekkuets the Hellbinder
 33298 | WizLab   | Identified the Volume of the Compass and Black Rites
 33300 | WizLab   | Identified Gieff's Grimoire of Summoning
 33343 | WizLab   | Identified the Tome of Creation
 33815 | Vaults:2 | Lost mutation: Your magical capacity is low. (-10% MP) [potion of cure mutation]
 33815 | Vaults:2 | Lost mutation: You are frail. (-10% HP) [potion of cure mutation]
 33815 | Vaults:2 | Lost mutation: You expend magic power (3 MP) to strengthen your wands. [potion of cure mutation]
 33912 | Vaults:2 | Gained mutation: Your body sometimes deteriorates upon taking damage. [mutagenic glow]
 34980 | Vaults:3 | Reached skill level 15 in Armour
 35246 | Vaults:3 | Noticed Donald
 35276 | Vaults:3 | Killed Donald
 35552 | Vaults:3 | Reached XP level 21. HP: 142/142 MP: 32/32
 37550 | Vaults:4 | Identified the +1 plate armour of Beyond {MR+ MP+9 Str+10 Int-2} (You found it on level 4 of the Vaults)
 38000 | Vaults:5 | Entered Level 5 of the Vaults
 38117 | Vaults:4 | Reached XP level 22. HP: 149/149 MP: 34/34
 38447 | Vaults:4 | Gained mutation: You are weak. (Str -2) [a shining eye]
 38508 | Vaults:5 | Noticed an ancient lich
 38727 | Vaults:4 | Killed an ancient lich
 38780 | Vaults:5 | Reached skill level 10 in Conjurations
 38922 | Vaults:5 | Found Neokkap's Magic Scroll Boutique.
 39282 | Vaults:5 | Noticed a golden dragon
 39307 | Vaults:5 | Killed a golden dragon
 39332 | Vaults:5 | Reached XP level 23. HP: 156/156 MP: 35/35
 39407 | Vaults:5 | Identified the Papyrus of Igneous Calling
 39411 | Vaults:5 | Got a silver rune of Zot
 39672 | Vaults:5 | Noticed a golden dragon
 39695 | Vaults:5 | Killed a golden dragon
 39916 | Vaults:5 | Found Popsi's Jewellery Shop.
 39922 | Vaults:5 | Bought a +4 ring of strength for 405 gold pieces
 39927 | Vaults:5 | Identified the Reference Book on Displacement and Transformation
 40729 | Elf:1    | Entered Level 1 of the Elven Halls
 41115 | Elf:1    | Identified the Disquisition on Supportive Battle Magic
 41855 | Elf:2    | Found a deep blue altar of Sif Muna.
 42103 | Elf:2    | Found a runed gate.
 42103 | Elf:2    | Found a runed gate.
 42103 | Elf:2    | Found a runed gate.
 42587 | Elf:2    | Reached skill level 10 in Poison Magic
 42605 | Elf:2    | Reached XP level 24. HP: 164/164 MP: 36/36
 42769 | Elf:3    | Entered Level 3 of the Elven Halls
 42846 | Elf:3    | Gained mutation: Your spells are a little easier to cast, but a little less powerful. [a neqoxec]
 42861 | Elf:3    | Gained mutation: You are clumsy. (Dex -2) [a neqoxec]
 43509 | Elf:3    | Found a deep blue altar of Sif Muna.
 43823 | Elf:3    | HP: 8/164 [Brimstone Fiend/damnation[a deep elf demonologist] (23)]
 43824 | Elf:3    | HP: 2/164 [Brimstone Fiend/damnation[a deep elf demonologist] (15)]
 44163 | Elf:3    | Killed from afar by a Hell Sentinel

Skill      XL: |  1  2  3  4  5  6  7  8  9 10 11 12 13 14 15 16 17 18 19 20 21 22 23 |
---------------+----------------------------------------------------------------------+-----
Shields        | 4 5 6 8 9 10 12 13 15 16 17 18 19 20 | 20.5
Dodging        | 1 2 3 4 |  4.7
Fighting       | 4 5 6 7 8 9 10 11 13 14 16 17 18 19 20 | 20.5
Maces & Flails | 4 5 6 7 9 10 12 13 14 15 16 17 18 | 18.5
Armour         | 4 5 7 8 9 10 11 12 13 14 15 16 17 | 17.6
Stealth        | 1 2 |  2.2
Staves         | 1 |  1.8
Conjurations   | 2 4 5 6 7 8 9 10 11 | 11.4
Evocations     | 1 3 |  3.0
Poison Magic   | 2 4 5 6 7 8 9 10 | 10.1
Spellcasting   | 1 3 5 6 7 8 9 |  9.6
Long Blades    | 6 11 12 13 14 | 14.5

Action                   |  1- 3 |  4- 6 |  7- 9 | 10-12 | 13-15 | 16-18 | 19-21 | 22-24 || total
-------------------------+-------+-------+-------+-------+-------+-------+-------+-------++-------
Melee: Flail             |   101 |   183 |       |       |       |       |       |       ||   284
       Morningstar       |       |   118 |   425 |   515 |  1584 |  2090 |   491 |       ||  5223
       Staff             |       |       |    23 |       |       |       |       |       ||    23
       Mace              |       |       |       |   286 |       |       |       |       ||   286
       Triple sword      |       |       |       |       |       |       |   287 |       ||   287
       Demon whip        |       |       |       |       |       |       |  1785 |  1980 ||  3765
 Abil: Fly               |       |       |       |       |     1 |       |       |       ||     1
Evoke: Wand              |       |       |       |       |       |     1 |     1 |     3 ||     5
  Use: Scroll            |     2 |     6 |     2 |     9 |     9 |    15 |    20 |     8 ||    71
       Potion            |     3 |     5 |     4 |     3 |     4 |     4 |     2 |     4 ||    29
 Stab: Sleeping          |       |       |       |       |     1 |       |     1 |       ||     2
       Distracted        |       |       |       |       |       |     2 |     1 |       ||     3
       Petrified         |       |       |       |       |       |     7 |       |       ||     7
       Petrifying        |       |       |       |       |       |     1 |       |       ||     1
  Eat: Chunk             |       |     7 |    10 |    16 |    28 |    25 |    26 |    19 ||   131
       Fruit             |       |       |     1 |       |       |       |       |       ||     1
       Royal jelly       |       |       |       |     1 |     1 |     2 |     3 |     1 ||     8
Armor: Scale mail        |    77 |   190 |    32 |       |       |       |       |       ||   299
       Chain mail        |       |       |   231 |   121 |       |       |       |       ||   352
       Plate armour      |       |       |       |   281 |   525 |       |       |       ||   806
       Pearl dragon scal |       |       |       |       |   382 |  1224 |   706 |       ||  2312
       Gold dragon scale |       |       |       |       |       |       |   632 |   994 ||  1626
Dodge: Dodged            |    40 |   123 |   117 |   167 |   401 |   649 |   696 |   292 ||  2485
Block: Shield            |    75 |   182 |   260 |   426 |       |       |       |       ||   943
       Large shield      |       |       |       |    38 |  1676 |  2714 |  1947 |  1836 ||  8211
       Rpst.: Triple sword |       |       |       |       |       |       |    75 |       ||    75
